 Dungeon Crawl Stone Soup version 0.31-a0-1009-g454b1f1e0a (webtiles) character file.

Game seed: 36791492204693852

6087 Dirtsage the Cleaver (level 10, -16/76 HPs)
             Began as a Demonspawn Berserker on Nov 13, 2023.
             Was an Elder of Trog.
             Killed from afar by an efreet (19 damage)
             ... with a fireball
             ... on level 8 of the Dungeon.
             The game lasted 00:11:03 (7849 turns).

Dirtsage the Cleaver (Demonspawn Berserker)         Turns: 7849, Time: 00:11:03

Health: -16/76     AC: 11    Str: 22    XL:     10   Next: 58%
Magic:  0/10       EV: 23    Int:  8    God:    Trog [****..]
Gold:   338        SH:  0    Dex: 13    Spells: 9/9 levels left

rFire   . . .        a - +0 hand axe
rCold   + . .        (no shield)
rNeg    . . .        B - +0 acid dragon scales
rPois   +            (helmet restricted)
rElec   .            H - +1 cloak {rPois}
rCorr   +            (no gloves)
SInv    .            e - +0 pair of boots
Will    .....        (no amulet)
Stlth   +            I - ring of protection from cold
HPRegen 0.32/turn    x - +5 ring of evasion
MPRegen 0.24/turn

%: guardian spirit
@: agile, on berserk cooldown, slowed, studying Armour, very slow
A: horns 1, powered by pain 1, magic shield, magic regeneration, sturdy frame 1
a: Renounce Religion, Berserk, Trog's Hand, Brothers in Arms


You were on level 8 of the Dungeon.
You worshipped Trog.
Trog was greatly pleased with you.
You visited 2 branches of the dungeon, and saw 9 of its levels.
You also visited: Ossuary.

You collected 468 gold pieces.
You spent 130 gold pieces at shops.

Inventory:

Hand Weapons
 a - a +0 hand axe (weapon)
Missiles
 C - 3 throwing nets
Armour
 b - a +0 animal skin
 e - a +0 pair of boots (worn)
 f - a +0 scale mail
 h - a +0 helmet
 v - a scarf of resistance
 B - +0 acid dragon scales (worn)
 H - a +1 cloak of poison resistance (worn)
Jewellery
 x - a +5 ring of evasion (right hand)
 I - a ring of protection from cold (left hand)
Wands
 y - a wand of iceblast (12)
 A - a wand of mindburst (21)
 D - a wand of light (11)
Scrolls
 g - a scroll of revelation {unknown}
 i - 5 scrolls of identify
 j - a scroll of butterflies {unknown}
 m - 2 scrolls of fog {unknown}
 n - 4 scrolls of immolation
 o - a scroll of enchant armour {unknown}
 p - 2 scrolls of vulnerability {unknown}
 t - 4 scrolls of teleportation
 u - 3 scrolls of enchant weapon {unknown}
 E - a scroll of blinking {unknown}
 F - a scroll of fear {unknown}
Potions
 c - a potion of invisibility {unknown}
 d - 3 potions of might
 k - a potion of resistance {unknown}
 l - 7 potions of heal wounds
 q - 5 potions of curing
 r - 5 potions of mutation
 s - 3 potions of attraction
 w - a potion of enlightenment {unknown}
 z - a potion of cancellation {unknown}
 G - a potion of lignification


   Skills:
 + Level 6.2 Fighting
 * Level 11.2 Axes
 + Level 7.1 Armour
 + Level 5.1 Dodging
 + Level 4.6 Shields


You had 9 spell levels left.
You didn't know any spells.
Your spell library contained the following spells:

 Spells                   Type           Power      Damage    Failure   Level
 Slow                     Hex            0%         N/A       43%         1
 Confusing Touch          Hex            0%         N/A       80%         3
 Gell's Gravitas          Tloc           0%         N/A       80%         3
 Sigil of Binding         Hex            0%         N/A       80%         3
 Summon Guardian Golem    Hex/Summ       0%         N/A       80%         3
 Teleport Other           Tloc           0%         N/A       80%         3
 Vampiric Draining        Necr           0%         2d6       80%         3
 Animate Dead             Necr           0%         N/A       99%         4
 Borgnjor's Vile Clutch   Necr/Erth      0%         N/A       100%        5
 Death Channel            Necr           0%         N/A       100%        6
 Dispersal                Tloc           0%         N/A       100%        6
 Orb of Destruction       Conj           0%         9d5       100%        7
 Spellforged Servitor     Conj/Summ      0%         N/A       100%        7


Dungeon Overview and Level Annotations

Branches:
Dungeon (8/15)             Temple (1/1) D:5         Ossuary (visited)
   Lair: D:8-11

Altars:
Ashenzari
Cheibriados
Dithmenos
Fedhas
Gozag
Hepliaklqana
Kikubaaqudgha
Nemelex Xobeh
Okawaru
Qazlal
Ru
Uskayaw
Vehumet
Wu Jian
Xom
Yredelemnul

Shops:
D:7 !


Innate Abilities, Weirdness & Mutations

You have a pair of small horns on your head.
You sometimes gain a little power by taking damage.
When hurt, damage is shared between your health and your magic reserves.
You regenerate magic rapidly.
Your movements are slightly less encumbered by armour. (ER -2)


Message History

The efreet gestures at you. The bolt of fire hits you!!
You take 21 damage, and have 55/114 hp.
You now have 6/10 mp.
You feel sick. The kobold brigand closely misses you.
The efreet barely misses you.
Things that are here:
a shapeshifter corpse; a hornet corpse You take 1 damage, and have 54/114 hp.
You slash the efreet!
The efreet is moderately wounded.
You hit the kobold brigand.
You are no longer berserk.
You are exhausted.
You feel yourself slow down.
You now have 36/76 hp.
You hit the efreet. You headbutt the efreet.
The efreet is moderately wounded.
You slash the kobold brigand!
You kill the kobold brigand!
Trog accepts your kill.
You feel sick.
You are no longer poisoned.
The efreet gestures at you. The bolt of fire hits you!
You take 13 damage, and have 23/76 hp.
You now have 4/10 mp.
You hit the efreet but do no damage.
The efreet is moderately wounded.
The efreet closely misses you.
You hit the efreet. Your headbutt misses the efreet.
Your punch misses the efreet.
The efreet is heavily wounded.
The efreet hits you with a +4 scimitar of flaming!!
* * * LOW HITPOINT WARNING * * *
You focus on the pain.
You feel agile all of a sudden. The efreet burns you.
* * * LOW HITPOINT WARNING * * *
The efreet gestures at you.
The fireball explodes!
The fireball engulfs you!!
You die...

...# #..# #..# ##+# #..#
####..# #..#
###....##..#####..#
##...)..#!.....))).#
#....#..#$.....R@..#
#)..##..##########'#
...###......^......# ...#
#.............#
..###############..#
...........).......#
...........).......#
#########################
........................#


You could see an efreet.

Vanquished Creatures
  A two-headed ogre (D:6)
  Jeremiah (D:7)
  Maggie (D:7)
  A troll (D:8)
  A hornet (D:8)
  A wyvern (D:6)
  A fire bat (shapeshifter) (D:8)
  A yak (D:6)
  A steam dragon (D:7)
  Menkaure (D:7)
  An acid dragon (D:6)
  5 water moccasins
  2 ice beasts (D:6)
  An orc warrior (D:8)
  A black bear (D:5)
  6 sky beasts
  2 ogres
  3 centaurs
  2 phantoms
  2 kobold brigands
  3 scorpions
  3 bullfrogs
  A howler monkey (D:5)
  A centaur zombie (Ossuary)
  A human zombie (Ossuary)
  A gnoll bouda (D:7)
  9 hounds
  2 jellies
  5 orc priests
  Crazy Yiuf (D:7)
  3 sleepcaps (D:6)
  6 iguanas
  5 orc wizards
  3 mummies (Ossuary)
  9 gnolls
  11 adders
  3 shadow imps
  3 ufetubi (D:6)
  A worm (D:1)
  A dart slug (D:2)
  11 orcs
  4 ball pythons
  3 endoplasms
  4 giant cockroaches
  2 goblins
  4 hobgoblins
  4 jackals (D:3)
  10 kobolds
  5 quokkas
  7 bats
  2 frilled lizards
  3 gnoll zombies (Ossuary)
  A hobgoblin zombie (Ossuary)
  A kobold zombie (Ossuary)
  An orc zombie (Ossuary)
  2 rats
171 creatures vanquished.

Notes
Turn   | Place    | Note
-------+----------+-------------------------------------------
     0 | D:1      | Dirtsage the Demonspawn Berserker began the quest for the
                  | Orb.
     0 | D:1      | Reached XP level 1. HP: 18/18 MP: 1/1
    76 | D:1      | Reached skill level 3 in Axes
   175 | D:1      | Gained mutation: Your movements are slightly less
                  | encumbered by armour. (ER -2) [demonic ancestry]
   175 | D:1      | Reached XP level 2. HP: 24/24 MP: 2/2
   835 | D:2      | Gained mutation: You sometimes gain a little power by
                  | taking damage. [demonic ancestry]
   835 | D:2      | Reached XP level 3. HP: 11/29 MP: 3/3
   899 | D:2      | Reached skill level 4 in Axes
  1392 | D:2      | Identified the +2 spear of Infinite Pain {elec, rPois}
  1485 | D:2      | You fall into a shaft and drop 2 floors!
  1485 | D:4      | Found a sand-covered staircase.
  1503 | D:4      | Gained mutation: You have a pair of small horns on your
                  | head. [demonic ancestry]
  1503 | D:4      | Reached XP level 4. HP: 12/35 MP: 4/4
  1508 | D:4      | Reached skill level 5 in Axes
  1511 | D:4      | Reached XP level 5. HP: 16/41 MP: 5/5
  1545 | Ossuary  | Entered an ossuary
  1644 | Ossuary  | Reached ** piety under Trog
  1723 | Ossuary  | Reached skill level 6 in Axes
  1922 | D:4      | Reached XP level 6. HP: 25/47 MP: 6/6
  2059 | D:4      | Noticed a water moccasin
  2069 | D:4      | Killed a water moccasin
  2070 | D:4      | Reached skill level 7 in Axes
  2076 | D:4      | HP: 2/47 [poisoned by a water moccasin]
  2821 | D:3      | Reached XP level 7. HP: 50/52 MP: 7/7
  2968 | D:3      | Found a faded altar of an unknown god.
  3483 | D:4      | Found a broken altar of Ashenzari.
  3483 | D:4      | Found a shadowy altar of Dithmenos.
  3641 | D:5      | Entered Level 5 of the Dungeon
  3641 | D:5      | Found a staircase to the Ecumenical Temple.
  3673 | D:5      | Reached skill level 8 in Axes
  3682 | Temple   | Entered the Ecumenical Temple
  4045 | D:5      | Reached *** piety under Trog
  4129 | D:5      | Found an iron altar of Okawaru.
  4415 | D:5      | Gained mutation: You regenerate magic rapidly. [demonic
                  | ancestry]
  4415 | D:5      | Reached XP level 8. HP: 47/58 MP: 8/8
  4612 | D:6      | Reached skill level 9 in Axes
  4612 | D:6      | Reached skill level 1 in Shields
  4971 | D:6      | Found a sparkling altar of Nemelex Xobeh.
  4971 | D:6      | Found an opulent altar of Gozag.
  5241 | D:6      | Gained mutation: When hurt, damage is shared between your
                  | health and your magic reserves. [demonic ancestry]
  5241 | D:6      | Reached XP level 9. HP: 39/65 MP: 9/9
  5609 | D:6      | Noticed a two-headed ogre
  5614 | D:6      | Reached skill level 10 in Axes
  5617 | D:6      | Killed a two-headed ogre
  5618 | D:6      | Reached skill level 5 in Fighting
  5618 | D:6      | Reached skill level 5 in Armour
  5935 | D:7      | Noticed Maggie
  5944 | D:7      | Killed Maggie
  6056 | D:7      | Noticed Jeremiah
  6274 | D:7      | Killed Jeremiah
  6275 | D:7      | Reached XP level 10. HP: 75/75 MP: 6/10
  7101 | D:7      | Noticed Menkaure
  7107 | D:7      | Killed Menkaure
  7251 | D:7      | Found Ufuerouh's Distillery.
  7254 | D:7      | Bought a potion of curing for 39 gold pieces
  7254 | D:7      | Bought a potion of lignification for 39 gold pieces
  7254 | D:7      | Bought a potion of might for 52 gold pieces
  7334 | D:7      | Found a hazy altar of Hepliaklqana.
  7439 | D:7      | Found a runed translucent door.
  7440 | D:7      | Noticed Crazy Yiuf
  7445 | D:7      | Killed Crazy Yiuf
  7497 | D:8      | Identified the "Pemni"
  7532 | D:8      | Reached skill level 11 in Axes
  7564 | D:8      | Reached **** piety under Trog
  7840 | D:8      | Reached skill level 5 in Dodging
  7849 | D:8      | HP: 3/76 [efreet/+4 scimitar of flaming (3)]
  7849 | D:8      | Killed from afar by an efreet

Illustrated notes

Levels and vault maps discovered:
D:1:      scummos_arrival_forest, layout_basic, st_stairs_1, nicolae_wormholes
D:2:      layout_basic, minmay_gold_behind_fungi, minmay_misc_feat_pillars
D:3:      layout_basic, hellmonk_ecumenical_altar_dog_temple
D:4:      layout_rooms, nicolae_overflow_two_pavilions,
          lightli_ossuary_entry_decrepit_ruins
D:5:      layout_basic, overflow_temple_1_default,
          minmay_temple_entry_nine_rooms
D:6:      kennysheep_windowed_halls, layout_layer_cave,
          grunt_temple_overflow_opulence, minmay_manual_mares
D:7:      layout_basic, worldfamousw_hep_ancestral_shrine,
          nicolae_elyvilon_peaceful_grove, serial_shops, kennysheep_mini_moat,
          minmay_fountain_box, uniq_crazy_yiuf_cottage, uniq_jeremiah,
          uniq_maggie, uniq_menkaure
D:8:      minmay_quarter_circles, layout_basic, lightli_temple_of_fire,
          serial_shops, kennysheep_mini, uniq_grum
Temple:   hellmonk_temple_forest_ring

Skill      XL: |  1  2  3  4  5  6  7  8  9 10 |
---------------+-------------------------------+-----
Axes           | 3 4 5 6 7 8 9 10 11 | 11.2
Armour         | 2 3 6 7 |  7.1
Dodging        | 2 3 4 5 |  5.1
Shields        | 2 4 |  4.6
Fighting       | 4 5 6 |  6.2

Action                     |  1- 3 |  4- 6 |  7- 9 | 10-12 || total
---------------------------+-------+-------+-------+-------++-------
  Melee: Hand axe          |    93 |   132 |   402 |   177 ||   804
         Punch             |     1 |       |     4 |     3 ||     8
         Headbutt          |       |    28 |    66 |    41 ||   135
 Invoke: Berserk           |     1 |     1 |     9 |     2 ||    13
         Trog's Hand       |       |       |     1 |       ||     1
    Use: Scroll            |       |       |     4 |       ||     4
         Potion            |       |       |     1 |       ||     1
   Stab: Sleeping          |     1 |       |       |       ||     1
 Armour: Animal skin       |    47 |       |       |       ||    47
         Scale mail        |    43 |    69 |   209 |       ||   321
         Acid dragon scale |       |       |    26 |    68 ||    94
  Dodge: Dodged            |    81 |    64 |   278 |   136 ||   559

Table legend: (Time is in decaauts)
 A = Elapsed time spent in this place.
 B = Non-inter-level travel time spent in this place.
 C = Inter-level travel time spent in this place.
 D = Time resting spent in this place.
 E = Time spent auto-exploring this place.
 F = Levels seen in this place.
 G = Mean time per level.
                   A        B        C        D        E       F      G
               +--------+--------+--------+--------+--------+-----+--------+
         Total |   7854 |   7591 |    263 |    709 |   5623 |  10 |  785.4 |
       Dungeon |   7494 |   7231 |    263 |    709 |   5373 |   8 |  936.8 |
        Temple |      1 |      1 |      0 |      0 |      0 |   1 |    1.0 |
       Ossuary |    358 |    358 |      0 |      0 |    250 |   1 |  358.0 |
               +--------+--------+--------+--------+--------+-----+--------+

Top non-repeatable levels by time:
     D:7: 1441 daAuts
     D:6: 1353 daAuts
     D:5: 1059 daAuts
     D:2: 1017 daAuts
     D:1: 800 daAuts
     D:4: 782 daAuts
     D:3: 706 daAuts
 Ossuary: 358 daAuts
     D:8: 333 daAuts
  Temple: 1 daAuts
